 Dungeon Crawl Stone Soup version 0.26-a0-665-gefeb406119 (webtiles) character file.

Game seed: 7741305880212810903

40216 Birvald the Geomancer (level 14, -5/75 HPs)
             Began as a Gargoyle Earth Elementalist on Oct 13, 2020.
             Was a High Priest of Vehumet.
             Slain by a large abomination (26 damage)
             ... on level 3 of the Abyss on Oct 14, 2020.
             The game lasted 00:55:18 (19871 turns).

Birvald the Geomancer (GrEE)                       Turns: 19871, Time: 00:55:20

Health: -5/75      AC: 23    Str: 11 (13) XL:     14   Next: 10%
Magic:  3/27       EV: 14    Int: 25 (26) God:    Vehumet [*****.]
Gold:   794        SH:  0    Dex: 10      Spells: 18/32 levels left

rFire    . . .     SeeInvis .   N - +4 flail (drain)
rCold    . . .     Faith    .   (no shield)
rNeg     + . .     Spirit   .   M - +1 troll leather armour
rPois    ∞         Reflect  .   (helmet restricted)
rElec    +         Harm     .   P - +0 cloak (curse)
rCorr    .         Rampage  .   F - +2 pair of gloves
MR       +....                  (no boots)
Stlth    ++........             (no amulet)
HPRegen  0.62/turn              v - +6 ring of intelligence
MPRegen  0.20/turn              r - ring of wizardry

@: mighty, very slightly contaminated
A: big wings, horns 1, slimy green scales 1, blurry vision 1, [frail 1],
negative energy resistance 1, electricity resistance, unbreathing, petrification
resistance, rot immunity, AC +10
a: Fly, Renounce Religion


You were on level 3 of the Abyss.
You worshipped Vehumet.
Vehumet was extremely pleased with you.
You visited 3 branches of the dungeon, and saw 18 of its levels.
You visited the Abyss 1 time.

You collected 1330 gold pieces.
You spent 536 gold pieces at shops.

Inventory:

Hand Weapons
 C - the +1 mace of the Singing Stoat {elec, +Fly}
   (You found it on level 5 of the Dungeon)

   Occasionally, upon striking a foe, it will discharge some electrical energy
   and cause terrible harm.
   It lets you fly.
 K - a +0 dire flail
 L - a +0 morningstar of draining
 N - a +4 flail of draining (weapon)
Missiles
 b - 551 stones (quivered)
Armour
 c - a +1 robe
 m - a +2 helmet of see invisible
 y - a +1 helmet
 F - a +2 pair of gloves (worn)
 M - a +1 troll leather armour (worn)
 O - +0 steam dragon scales
 P - a cursed +0 cloak (worn)
Jewellery
 a - a +4 ring of evasion
 r - a ring of wizardry (right hand)
 v - a +6 ring of intelligence (left hand)
 A - an uncursed ring of fire
Wands
 p - a wand of flame (13)
 x - a wand of iceblast (23)
 G - a wand of disintegration (10)
 I - a wand of random effects (46)
Scrolls
 d - 3 scrolls of fog
 e - 4 scrolls of fear
 i - a scroll of teleportation
 j - 7 scrolls of magic mapping
 o - a scroll of blinking
 t - 4 scrolls of remove curse
 D - 4 scrolls of identify
 E - 5 scrolls of amnesia
Potions
 g - 2 potions of resistance
 h - 5 potions of stabbing
 k - 3 potions of lignification
 l - 2 potions of heal wounds
 n - a potion of berserk rage
 q - 5 potions of brilliance
 s - 2 potions of invisibility
 u - a potion of magic
 w - 2 potions of haste
 z - a potion of cancellation
 B - 4 potions of might
 H - a potion of mutation
 J - 2 potions of ambrosia
Miscellaneous
 Q - a condenser vane (inert)


   Skills:
 + Level 8.8 Fighting
 + Level 8.2 Maces & Flails
 - Level 6.0 Armour
 + Level 7.1 Dodging
 - Level 2.1 Stealth
 + Level 9.5 Spellcasting
 + Level 10.6 Conjurations
 - Level 0.7 Transmutations
 + Level 12.2 Earth Magic
 + Level 7.3 Evocations


You had 18 spell levels left.
You knew the following spells:

 Your Spells              Type           Power        Failure   Level
a - Sandblast             Erth           ######       1%          1
b - Stone Arrow           Conj/Erth      ######       1%          3
c - Lee's Rapid Deconstr  Erth           ######....   1%          5
d - Irradiate             Conj/Tmut      #####.....   2%          5

Your spell library contained the following spells:

 Spells                   Type           Power        Failure   Level
 Beastly Appendage        Tmut           ###...       1%          1
 Freeze                   Ice            ##..         1%          1
 Magic Dart               Conj           ####         1%          1
 Passwall                 Tmut/Erth      #####...     1%          2
 Searing Ray              Conj           ######       1%          2
 Conjure Flame            Conj/Fire      #####...     1%          3
 Dazzling Flash           Conj/Hex       #####.       1%          3
 Mephitic Cloud           Conj/Pois/Air  ####....     1%          3
 Fulminant Prism          Conj/Hex       #####.....   1%          4
 Hailstorm                Conj/Ice       #####...     1%          4
 Iskenderun's Mystic Bla  Conj/Tloc      #####...     1%          4
 Petrify                  Tmut/Erth      #####...     1%          4
 Frozen Ramparts          Ice            ##....       2%          3
 Wereblood                Tmut           ###.....     3%          2
 Blink                    Tloc           N/A          4%          2
 Call Imp                 Summ           ##......     4%          2
 Slow                     Hex            ##......     4%          2
 Spider Form              Tmut/Pois      ##........   7%          3
 Confusing Touch          Hex            ##......     9%          3
 Gell's Gravitas          Tloc           ##........   9%          3
 Ozocubu's Armour         Ice            ##......     9%          3
 Yara's Violent Unravell  Hex/Tmut       ##........   17%         5
 Ice Form                 Ice/Tmut       ##......     22%         4
 Summon Ice Beast         Ice/Summ       ##......     26%         4
 Blade Hands              Tmut           ###.......   45%         5
 Metabolic Englaciation   Hex/Ice        ##........   56%         5
 Hydra Form               Tmut           ###.......   95%         6
 Dragon Form              Tmut           ###.......   100%        7
 Statue Form              Tmut/Erth      Unusable     N/A         6

Dungeon Overview and Level Annotations

Branches:
Dungeon (14/15)            Temple (1/1) D:5            Lair (3/6) D:9
  Swamp (0/4) Lair:2          Orc (0/2) D:10         Vaults (0/5) D:14
  Snake: Lair:2-4    Spider: Lair:2-4

Altars:
Cheibriados
Dithmenos
Elyvilon
Gozag
Hepliaklqana
Kikubaaqudgha
Makhleb
Nemelex Xobeh
Okawaru
Qazlal
Ru
Sif Muna
Trog
Vehumet
Wu Jian
Xom
Yredelemnul
Zin
The Shining One

Shops:
D:5 ?*?[?   D:14 !

Annotations:
D:11 3 runed translucent doors, P0WERM0DE's ghost, novice OpDe
D:13 1 runed translucent door, Wuicud's ghost, journeyman OpVM
Lair:3 Rupert


Innate Abilities, Weirdness & Mutations

You are resistant to torment.
Your stone body is resilient. (AC +10)
You are immune to poison.
Your large and strong wings let you fly indefinitely.
You resist negative energy. (rN+)
You are resistant to electric shocks. (rElec)
You can survive without breathing.
You are immune to petrification.
You are immune to rotting.
You have a pair of small horns on your head.
You are partially covered in slimy green scales. (AC +2)
Scrolls take you a little longer to read.
[You are frail. (-10% HP)]


Message History

Unknown command.
Casting: Irradiate (dangerous; 2% risk of failure)
Confirm with . or Enter, or press ? or * to list all spells.
You erupt in a fountain of uncontrolled magic!
The large abomination is blasted with magical radiation!!!
The large abomination is severely damaged.
The large abomination closely misses you.
Unknown command.
Casting: Irradiate (dangerous; 2% risk of failure)
Confirm with . or Enter, or press ? or * to list all spells.
You don't have enough magic to cast that spell.
Unknown command.
Evoke which item? (* to show all) (? for menu, Esc to quit)
Aiming: Disintegrate
Press: ? - help, Shift-Dir - straight line, f - large abomination
Aim: a large abomination (severely damaged, chance to defeat MR: 25%)
The large abomination resists with almost no effort.
The large abomination hits you but does no damage.
The large abomination hits you!!
You die...

. ... .. #.. #..
..# .
#..##..##..##..
...........
......... .....#
.. #.V.# .. .#
##X## #..
...###.@.###...
.#.....#.....#..
. ..
...............
.....#.....#....
#...###...###.##
##. ##. # ##.##
## . ##..
##...## . . ....
# ... #.. ....
.. .. .... ..


You could see a jiangshi and a large abomination.

Vanquished Creatures
  A tentacled starspawn (Abyss:3)
  Azrael (D:12)
  A dire elephant (Lair:2)
  A boulder beetle (D:14)
  2 hydras
  A death knight (D:14)
  3 two-headed ogres
  2 dancing weapons (D:14)
  3 death yaks (Lair:2)
  3 thrashing horrors (Abyss:3)
  A skeletal warrior (D:14)
  A sixfirhy (Abyss:3)
  2 unseen horrors (D:14)
  A lindwurm (Lair:2)
  A glowing orange brain (Abyss:3)
  A phantasmal warrior (D:14)
  Pikel (D:3)
  2 cyclopes (D:13)
  An elephant (Lair:2)
  A torpor snail (Lair:3)
  A toenail golem (Abyss:3)
  8 cane toads
  2 gargoyles
  3 rime drakes
  A smoke demon (Abyss:3)
  3 komodo dragons
  A harpy zombie (D:12)
  3 trolls
  6 polar bears
  A raiju (Abyss:3)
  3 slime creatures (D:14)
  3 dream sheep (Lair:3)
  3 vampires
  2 wyverns
  5 wraiths
  17 yaks
  2 small abominations (Abyss:3)
  A basilisk (shapeshifter) (D:14)
  A golden eye (Abyss:3)
  A basilisk (Lair:1)
  A neqoxec (Abyss:3)
  6 vampire mosquitoes
  A large abomination (Abyss:3)
  7 water moccasins
  5 hell hounds
  2 ice beasts (D:5)
  10 orc warriors
  5 phantoms
  2 black bears
  4 sky beasts
  2 necrophages
  3 ogres
  An eye of draining (D:10)
  4 centaurs
  A big kobold (shapeshifter) (D:14)
  2 lemures (D:3)
  2 elf zombies (D:11)
  16 bullfrogs
  An elf skeleton (D:11)
  A gnoll sergeant (D:12)
  A wyvern skeleton (D:10)
  A hornet simulacrum (D:14)
  A water moccasin skeleton (D:8)
  6 scorpions
  3 killer bees (D:12)
  2 wights
  5 howler monkeys
  5 electric eels
  A bullfrog zombie (D:11)
  3 centaur zombies (D:5)
  11 orc priests
  11 hounds
  3 jellies
  2 bullfrog skeletons
  2 centaur skeletons
  3 human zombies (D:11)
  Terence (D:3)
  An iguana (D:3)
  12 worker ants
  10 orc wizards
  A hound skeleton (D:4)
  3 mummies (D:11)
  A worker ant zombie (D:5)
  A howler monkey zombie (D:5)
  3 gnolls (D:12)
  A howler monkey skeleton (D:9)
  17 adders
  A white imp (D:4)
  5 ufetubi
  An ooze (D:1)
  An adder zombie (D:5)
  2 adder skeletons
  6 worms
  2 dart slugs (D:1)
  6 leopard geckos
  35 orcs
  3 ball pythons
  9 bats
  2 giant cockroaches
  7 goblins
  7 hobgoblins
  10 jackals
  5 quokkas
  A ball python zombie (D:5)
  5 frilled lizards
  7 kobolds
  2 leopard gecko skeletons
  A leopard gecko zombie (D:5)
  A quokka skeleton (D:5)
  6 rats
  A starspawn tentacle (Abyss:3)
410 creatures vanquished.

Vanquished Creatures (others)
  17 fungi
  20 plants
  6 starspawn tentacles (Abyss:3)
  12 toadstools (Lair:2)
  A withered plant (D:5)
56 creatures vanquished.

Grand Total: 466 creatures vanquished

Notes
Turn   | Place    | Note
-------+----------+-------------------------------------------
     0 | D:1      | Birvald the Gargoyle Earth Elementalist began the quest for
                  | the Orb.
     0 | D:1      | Reached XP level 1. HP: 10/10 MP: 3/3
   292 | D:1      | Reached XP level 2. HP: 15/15 MP: 1/5
   321 | D:1      | Reached skill level 4 in Earth Magic
   903 | D:1      | Reached XP level 3. HP: 15/19 MP: 7/7
   908 | D:1      | Learned a level 3 spell: Stone Arrow
  1604 | D:2      | Reached skill level 1 in Conjurations
  1604 | D:2      | Reached XP level 4. HP: 19/24 MP: 8/8
  2423 | D:3      | Reached skill level 5 in Earth Magic
  2642 | D:3      | Reached XP level 5. HP: 28/28 MP: 9/9
  2655 | D:3      | Learned a level 5 spell: Lee's Rapid Deconstruction
  2713 | D:3      | Noticed Terence
  2731 | D:3      | Killed Terence
  3525 | D:4      | Found a transporter.
  3545 | D:4      | Noticed a lemure
  3558 | D:3      | Reached XP level 6. HP: 21/32 MP: 8/11
  4243 | D:4      | Noticed Pikel
  4379 | D:3      | Killed Pikel
  4379 | D:3      | Reached skill level 6 in Earth Magic
  4379 | D:3      | Reached XP level 7. HP: 24/36 MP: 11/14
  4580 | D:4      | Reached skill level 7 in Earth Magic
  4705 | D:4      | Found a transporter.
  4858 | D:4      | Reached skill level 5 in Spellcasting
  5040 | D:4      | Reached skill level 5 in Conjurations
  5040 | D:4      | Reached XP level 8. HP: 37/41 MP: 8/15
  5165 | D:5      | Entered Level 5 of the Dungeon
  5250 | D:5      | Found a transporter.
  5255 | D:5      | Found a transporter.
  5268 | D:5      | Found a white marble altar of Elyvilon.
  5268 | D:5      | Found an opulent altar of Gozag.
  5272 | D:5      | Found an ornate altar of the Wu Jian Council.
  5348 | D:5      | Reached skill level 8 in Earth Magic
  5349 | D:5      | Found Poxah's Magic Scroll Shoppe.
  5362 | D:5      | Got an encrusted mace
  5363 | D:5      | Identified the cursed +1 mace of the Singing Stoat {elec,
                  | +Fly} (You found it on level 5 of the Dungeon)
  5369 | D:5      | Bought a scroll of identify for 30 gold pieces
  5474 | D:5      | Found an ancient bone altar of Kikubaaqudgha.
  5491 | D:5      | Found Vatuh's Assorted Antiques.
  5500 | D:5      | Bought a potion of heal wounds for 160 gold pieces
  5534 | D:5      | Reached skill level 1 in Armour
  5729 | D:5      | Reached skill level 1 in Fighting
  5782 | D:5      | Found Ranote's Antique Armour Shoppe.
  5796 | D:5      | Found Loeroe's Magic Scroll Shop.
  5801 | D:5      | Bought a scroll of identify for 22 gold pieces
  5801 | D:5      | Bought a scroll of identify for 22 gold pieces
  5874 | D:5      | Found Yxkonor's Magic Scroll Shop.
  5910 | D:5      | Bought a scroll of immolation for 49 gold pieces
  5910 | D:5      | Bought a scroll of identify for 28 gold pieces
  5973 | D:5      | Found a staircase to the Ecumenical Temple.
  6116 | Temple   | Entered the Ecumenical Temple
  6120 | Temple   | Became a worshipper of Vehumet
  6179 | D:5      | Reached skill level 1 in Maces & Flails
  6179 | D:5      | Reached skill level 1 in Evocations
  6181 | D:5      | Reached XP level 9. HP: 21/47 MP: 4/17
  6687 | D:6      | Gained mutation: Armour fits poorly on your strangely
                  | shaped body. [potion of mutation]
  6687 | D:6      | Gained mutation: You have a pair of small horns on your
                  | head. [potion of mutation]
  6793 | D:6      | Found a glowing silver altar of Zin.
  7123 | D:6      | Found a shimmering altar of Xom.
  8224 | D:8      | Noticed a two-headed ogre
  8234 | D:8      | Killed a two-headed ogre
  8234 | D:8      | Reached XP level 10. HP: 34/56 MP: 19/19
  8406 | D:8      | Reached skill level 9 in Earth Magic
  8683 | D:8      | Reached * piety under Vehumet
  8683 | D:8      | Offered knowledge of Shock by Vehumet.
  9374 | D:9      | Found a snail-covered altar of Cheibriados.
  9523 | D:9      | Found a staircase to the Lair.
  9590 | D:9      | Noticed a two-headed ogre
  9594 | D:9      | Killed a two-headed ogre
  9711 | D:9      | Offered knowledge of Foxfire by Vehumet.
  9787 | D:9      | Reached ** piety under Vehumet
  9944 | D:10     | Entered Level 10 of the Dungeon
  9974 | D:10     | HP: 1/58 [orc warrior/cursed +0 hand axe (16)]
 10171 | D:10     | Found a staircase to the Orcish Mines.
 10256 | D:10     | Got a fine robe
 10267 | D:10     | Identified the +2 robe "Fazucine" {rPois rF- Dex+5} (You
                  | found it on level 10 of the Dungeon)
 10379 | D:10     | Reached XP level 11. HP: 62/62 MP: 21/21
 10404 | D:10     | Offered knowledge of Frozen Ramparts by Vehumet.
 10524 | D:10     | Reached *** piety under Vehumet
 10533 | D:10     | Reached skill level 5 in Armour
 11361 | D:10     | Reached skill level 5 in Fighting
 11969 | D:11     | Lost mutation: You have a pair of small horns on your head.
                  | [potion of mutation]
 11969 | D:11     | Lost mutation: Armour fits poorly on your strangely shaped
                  | body. [potion of mutation]
 11969 | D:11     | Gained mutation: You have a pair of small horns on your
                  | head. [potion of mutation]
 11969 | D:11     | Gained mutation: You are partially covered in slimy green
                  | scales. (AC +2) [potion of mutation]
 12312 | D:11     | Found a runed translucent gate.
 12313 | D:11     | Found a runed translucent gate.
 12314 | D:11     | Found a runed translucent gate.
 12316 | D:11     | Noticed P0WERM0DE's ghost (novice OpDe)
 12460 | D:11     | Offered knowledge of Ignite Poison by Vehumet.
 12569 | D:11     | Found an ancient bone altar of Kikubaaqudgha.
 12579 | D:11     | Reached skill level 10 in Earth Magic
 12852 | D:12     | Reached **** piety under Vehumet
 13278 | D:12     | Noticed Azrael
 13281 | D:12     | Noticed a six-headed hydra
 13284 | D:12     | Reached skill level 5 in Maces & Flails
 13285 | D:12     | Offered knowledge of Inner Flame by Vehumet.
 13286 | D:12     | Killed a six-headed hydra
 13296 | D:12     | Killed Azrael
 13721 | D:12     | Noticed a two-headed ogre
 13734 | D:12     | Killed a two-headed ogre
 13926 | D:12     | Reached skill level 5 in Dodging
 14179 | D:13     | Reached skill level 5 in Evocations
 14182 | D:13     | Noticed a cyclops
 14187 | D:13     | Killed a cyclops
 14277 | D:13     | Reached XP level 12. HP: 70/70 MP: 17/23
 14345 | D:13     | Found a runed translucent door.
 14346 | D:13     | Noticed Wuicud's ghost (journeyman OpVM)
 15204 | D:14     | Noticed a death knight
 15244 | D:14     | HP: 1/70 [phantasmal warrior[a death knight] (21)]
 15247 | D:14     | Killed a death knight
 15482 | D:14     | Reached ***** piety under Vehumet
 15488 | D:14     | Offered knowledge of Irradiate by Vehumet.
 15495 | D:14     | Learned a level 5 spell: Irradiate
 15649 | D:14     | Found Opekill's Distillery.
 15663 | D:14     | Bought a potion of heal wounds for 75 gold pieces
 15663 | D:14     | Bought a potion of heal wounds for 75 gold pieces
 15663 | D:14     | Bought a potion of heal wounds for 75 gold pieces
 15900 | D:14     | Found a gate to the Vaults.
 15909 | D:14     | Reached skill level 11 in Earth Magic
 16313 | D:14     | Noticed a four-headed hydra
 16320 | D:14     | Killed a four-headed hydra
 16384 | D:14     | Noticed a boulder beetle
 16394 | D:14     | Killed a boulder beetle
 16571 | Lair:1   | Entered Level 1 of the Lair of Beasts
 17060 | Lair:1   | Reached XP level 13. HP: 32/76 MP: 19/25
 17865 | Lair:2   | Reached skill level 10 in Conjurations
 18357 | Lair:2   | Noticed a dire elephant
 18377 | Lair:2   | Found a runed translucent door.
 18486 | Lair:2   | Killed a dire elephant
 18750 | Lair:2   | Found a staircase to the Swamp.
 18911 | Lair:3   | Noticed Rupert
 18911 | Lair:3   | Paralysed by Rupert for 7 turns
 18920 | Lair:3   | Paralysed by Rupert for 5 turns
 19052 | Lair:2   | Upgraded the game from 0.26-a0-664-gc8b27b8fc1 to
                  | 0.26-a0-665-gefeb406119
 19492 | Lair:3   | Cast into level 3 of the Abyss (Rupert)
 19492 | Abyss:3  | Found a corrupted altar of Lugonu.
 19566 | Abyss:3  | Gained mutation: Scrolls take you a little longer to read.
                  | [a neqoxec]
 19568 | Abyss:3  | Reached skill level 12 in Earth Magic
 19603 | Abyss:3  | Noticed an ophan
 19615 | Abyss:3  | Noticed a tentacled starspawn
 19823 | Abyss:3  | Gained mutation: Your large and strong wings let you fly
                  | indefinitely. [Gargoyle growth]
 19823 | Abyss:3  | Reached XP level 14. HP: 26/67 MP: 1/27
 19856 | Abyss:3  | Noticed a tentacled starspawn
 19869 | Abyss:3  | Killed a tentacled starspawn
 19871 | Abyss:3  | Slain by a large abomination

Illustrated notes

Levels and vault maps discovered:
D:1:      erik_arrival_cave_to_civilisation [erik_arrival_cave_to_hall],
          layout_basic
D:2:      layout_basic
D:3:      layout_basic, minmay_vboxes, uniq_terence
D:4:      gammafunk_steamed_eel, layout_cave_pools, uniq_pikel
D:5:      layout_rooms, kennysheep_mini_moat, gammafunk_temple_overflow_arena,
          minmay_temple_entry_glassed_door, serial_undead, serial_undead_a,
          serial_undead_b, serial_undead_f, serial_undead_d, serial_shops, shop,
          nicolae_shop_crystal, shop, shop, shop_statue
D:6:      layout_layer_cave, lemuel_crystal_altar, basic_altar, serial_glass,
          glass_columns_a, glass_columns_c
D:7:      layout_basic
D:8:      layout_loops_ring
D:9:      layout_roguey, old_standard_altar, lair_entry_dummy
D:10:     layout_cave_pools, david_orc_4
D:11:     layout_cave_pools, ebering_ghost_rock_garden,
          lemuel_mausoleum_altar_kikubaaqudgha
D:12:     layout_rooms, uniq_azrael
D:13:     layout_rooms, gammafunk_ghost_grave
D:14:     layout_basic, erik_vaults_1, serial_shops, shop,
          minmay_misc_feat_hallway
Temple:   nicolae_temple_x_marks_the_god
Lair:1:   layout_gridlike
Lair:2:   gammafunk_lair_enchanted_lake, layout_long_grid,
          minmay_swamp_entry_swarm, minmay_holes, cheibrodos_lair_lostbears,
          lemuel_fruit_fields
Lair:3:   layout_regular_city, spider_nest_entry_webs, grunt_megastairs_2,
          uniq_rupert
Abyss:3:  base: D:13, dshaligram_kb_abyss_rune_zappy_water_cross,
          guppyfry_abyss_exit_spiral_guarded, hangedman_abyss_or_decor_stabs,
          nicolae_abyss_rune_left_handed, minivault_25, minivault_27,
          hangedman_abyss_stitches_cave, evilmike_abyss_rune_elephants_shrine

Skill      XL: |  1  2  3  4  5  6  7  8  9 10 11 12 13 |
---------------+----------------------------------------+-----
Earth Magic    | 4 5 6 7 8 9 10 11 12 | 12.2
Conjurations   | 1 2 4 5 6 7 8 9 10 | 10.6
Spellcasting   | 3 4 5 6 7 8 9 |  9.5
Armour         | 1 3 4 6 |  6.0
Fighting       | 1 3 4 6 7 8 |  8.8
Dodging        | 2 3 4 5 6 7 |  7.1
Maces & Flails | 1 2 4 5 6 8 |  8.2
Evocations     | 1 2 3 5 6 7 |  7.3
Stealth        | |  2.1
Transmutations | |  0.7

Action                   |  1- 3 |  4- 6 |  7- 9 | 10-12 | 13-15 || total
-------------------------+-------+-------+-------+-------+-------++-------
Melee: Unarmed           |     2 |       |       |       |       ||     2
       Short sword       |   121 |    33 |       |       |       ||   154
       Dagger            |       |    86 |    39 |       |       ||   125
       Mace              |       |       |   144 |   476 |       ||   620
       Headbutt          |       |       |     3 |    88 |    35 ||   126
       Flail             |       |       |       |   125 |   236 ||   361
 Cast: Sandblast         |    16 |    28 |    35 |    44 |     4 ||   127
       Stone Arrow       |       |     3 |    15 |    83 |    35 ||   136
       Lee's Rapid Decon |       |       |     1 |    38 |     9 ||    48
       Irradiate         |       |       |       |       |    23 ||    23
Evoke: Wand              |       |     1 |     3 |    17 |     1 ||    22
       Condenser vane    |       |       |       |       |     3 ||     3
  Use: Scroll            |     8 |     7 |     8 |    19 |     7 ||    49
       Potion            |       |     1 |     1 |    10 |    10 ||    22
 Stab: Sleeping          |     4 |     1 |       |     3 |     1 ||     9
Armor: Robe              |    42 |    44 |    84 |   125 |       ||   295
       Troll leather arm |       |       |       |   115 |   254 ||   369
Dodge: Dodged            |   112 |    95 |   251 |   692 |   298 ||  1448

Table legend: (Time is in decaauts)
 A = Elapsed time spent in this place.
 B = Non-inter-level travel time spent in this place.
 C = Inter-level travel time spent in this place.
 D = Time resting spent in this place.
 E = Time spent auto-exploring this place.
 F = Levels seen in this place.
 G = Mean time per level.
                   A        B        C        D        E       F      G
               +--------+--------+--------+--------+--------+-----+--------+
         Total |  20117 |  19532 |    585 |   4723 |  10785 |  19 | 1058.8 |
       Dungeon |  16731 |  16227 |    504 |   4223 |   8804 |  14 | 1195.1 |
        Temple |      8 |      4 |      4 |      0 |      0 |   1 |    8.0 |
          Lair |   2997 |   2921 |     76 |    353 |   1978 |   3 |  999.0 |
         Abyss |    380 |    380 |      0 |    147 |      3 |   1 |  380.0 |
               +--------+--------+--------+--------+--------+-----+--------+

Top non-repeatable levels by time:
     D:3: 2059 daAuts
    D:11: 1763 daAuts
    D:10: 1591 daAuts
    D:14: 1396 daAuts
  Lair:2: 1380 daAuts
     D:6: 1269 daAuts
     D:1: 1255 daAuts
     D:5: 1166 daAuts
     D:2: 1129 daAuts
     D:8: 992 daAuts
  Lair:1: 973 daAuts
    D:13: 958 daAuts
    D:12: 943 daAuts
     D:9: 876 daAuts
     D:4: 808 daAuts
